 Dungeon Crawl Stone Soup version 0.31-a0-145-g046c7d2549 (webtiles) character file.

Game seed: 1204622088243426585

134 avis the Chopper (level 5, -2/45 HPs)
             Began as a Hill Orc Fighter on June 6, 2023.
             Slain by a kobold brigand
             ... wielding a +0 club
              (5 damage)
             ... in a sewer.
             The game lasted 00:09:17 (2498 turns).

avis the Chopper (Hill Orc Fighter)                 Turns: 2498, Time: 00:09:18

Health: -2/45      AC: 10    Str: 21    XL:     5   Next: 17%
Magic:  5/5        EV:  9    Int:  8    God:
Gold:   240        SH:  4    Dex: 10    Spells: 4/4 levels left

rFire   . . .        a - +0 war axe
rCold   . . .        c - +0 buckler
rNeg    . . .        b - +0 scale mail
rPois   .            l - +1 helmet
rElec   .            m - +0 cloak
rCorr   .            (no gloves)
SInv    .            (no boots)
Will    .....        (no amulet) Stlth
                     (no ring)
HPRegen 0.27/turn    (no ring)
MPRegen 0.09/turn

%: no passive effects
@: no status effects
A: no striking features
a: no special abilities


You were in a sewer.
You visited 1 branch of the dungeon, and saw 3 of its levels.
You also visited: Sewer.

You collected 240 gold pieces.

Inventory:

Hand Weapons
 a - a +0 war axe (weapon)
 f - a +0 spear
Armour
 b - a +0 scale mail (worn)
 c - a +0 buckler (worn)
 l - a +1 helmet (worn)
 m - a +0 cloak (worn)
Scrolls
 e - 3 scrolls of noise {unknown}
 g - a scroll of enchant weapon {unknown}
 i - a scroll of brand weapon {unknown}
 j - 2 scrolls of amnesia {unknown}
 k - 3 scrolls of identify {unknown}
 n - a scroll of fog {unknown}
 o - a scroll of poison {unknown}
Potions
 d - a potion of might


   Skills:
 - Level 3.6 Fighting
 * Level 6.9 Axes
 - Level 3.2 Armour
 - Level 3.2 Shields


You had 4 spell levels left.
You didn't know any spells.
Your spell library contained the following spells:

 Spells                   Type           Power      Damage    Failure   Level
 Blink                    Tloc           0%         N/A       91%         2
 Lesser Beckoning         Tloc           0%         N/A       91%         2
 Momentum Strike          Conj/Tloc      0%         3d8       91%         2
 Call Canine Familiar     Summ           0%         N/A       99%         3
 Portal Projectile        Hex/Tloc       0%         N/A       99%         3
 Leda's Liquefaction      Hex/Erth       0%         N/A       100%        4


Dungeon Overview and Level Annotations

Branches:
Dungeon (3/15)              Sewer (1/1)

Altars:

Shops:
D:1 ?   D:3 *

Annotations:
D:3 Sigmund


Message History

You feel very sick.
You feel sick.
You see here a rat corpse.
You feel sick.
You feel sick.
There is an empty arch of ancient stone, spattered with blood here.
Things that are here:
a river rat corpse; a rat corpse You feel sick.
There is a gate leading back out of this place here.
You feel sick.
It was a potion of curing.
You feel better.
There is an empty arch of ancient stone, spattered with blood here.
Things that are here:
a river rat corpse; a rat corpse You see here a rat corpse.
You closely miss the kobold brigand.
The kobold brigand hits you but does no damage.
You slash the kobold brigand!
The kobold brigand is moderately wounded.
The kobold brigand closely misses you.
You barely miss the kobold brigand.
The kobold brigand is moderately wounded.
The kobold brigand hits you with a +0 club!
* * * LOW HITPOINT WARNING * * *
You closely miss the kobold brigand.
The kobold brigand is moderately wounded.
The kobold brigand hits you but does no damage.
The kobold brigand barely misses you.
You barely miss the kobold brigand.
The kobold brigand is moderately wounded.
You block the kobold brigand's attack.
You closely miss the kobold brigand.
The kobold brigand is moderately wounded.
The kobold brigand hits you with a +0 club.
* * * LOW HITPOINT WARNING * * *
You barely miss the kobold brigand.
The kobold brigand is moderately wounded.
The kobold brigand hits you with a +0 club.
You die... ########################### #......∩†.@KKKK~~~~K~K~~~~~ ###########################

You could see 2 kobold brigands and 2 kobolds.

Vanquished Creatures
  4 adders (D:2)
  3 river rats
  A worm (D:2)
  2 dart slugs
  3 endoplasms
  4 giant cockroaches
  8 goblins
  6 hobgoblins
  5 jackals (D:1)
  3 quokkas
  8 ball pythons
  A bat (D:1)
  2 frilled lizards
  3 kobolds
  11 rats
64 creatures vanquished.

Notes
Turn   | Place    | Note
-------+----------+-------------------------------------------
     0 | D:1      | avis the Hill Orc Fighter began the quest for the Orb.
     0 | D:1      | Reached XP level 1. HP: 19/19 MP: 1/1
   163 | D:1      | Reached skill level 3 in Axes
   180 | D:1      | Reached XP level 2. HP: 26/26 MP: 2/2
   517 | D:1      | Reached skill level 4 in Axes
   705 | D:1      | Found Achigi Cisi's Magic Scroll Emporium.
   823 | D:1      | Reached XP level 3. HP: 31/31 MP: 3/3
  1272 | D:2      | Reached skill level 5 in Axes
  2011 | D:2      | Reached XP level 4. HP: 39/39 MP: 4/4
  2123 | D:2      | Reached skill level 6 in Axes
  2206 | D:3      | Found Akkam's General Store.
  2259 | D:3      | Noticed Sigmund
  2385 | D:3      | Found a glowing drain.
  2394 | Sewer    | Entered a sewer
  2398 | Sewer    | Reached XP level 5. HP: 42/45 MP: 5/5
  2452 | Sewer    | Noticed a kobold brigand
  2454 | Sewer    | Noticed a kobold brigand
  2498 | Sewer    | Slain by a kobold brigand

Illustrated notes

Levels and vault maps discovered:
D:1:      dpeg_arrival_water_temple_mockup, layout_loops_corners, serial_shops,
          shop_scrolls, minmay_gold_behind_fungi, minivault_11,
          nicolae_hexahallways
D:2:      layout_basic, minmay_increasing_density
D:3:      layout_rooms, okawaru_metal_pillars_3, portal_sewer_entry_a,
          serial_shops, nicolae_shop_hallway_stairs,
          nicolae_shop_window_shopping, shop, shop, minmay_pentomino_pile,
          uniq_sigmund
Sewer:    sewer_kobolds

Skill      XL: |  1  2  3  4 |
---------------+-------------+-----
Axes           | 3 4 5 6 |  6.9
Fighting       | |  3.6
Armour         | |  3.2
Shields        | |  3.2

Action                     |  1- 3 |  4- 6 || total
---------------------------+-------+-------++-------
  Melee: War axe           |   107 |    63 ||   170
    Use: Potion            |       |     1 ||     1
 Armour: Scale mail        |    60 |    43 ||   103
  Dodge: Dodged            |    53 |    34 ||    87
  Block: Buckler           |    24 |    23 ||    47

Table legend: (Time is in decaauts)
 A = Elapsed time spent in this place.
 B = Non-inter-level travel time spent in this place.
 C = Inter-level travel time spent in this place.
 D = Time resting spent in this place.
 E = Time spent auto-exploring this place.
 F = Levels seen in this place.
 G = Mean time per level.
                   A        B        C        D        E       F      G
               +--------+--------+--------+--------+--------+-----+--------+
         Total |   2577 |   2274 |    303 |     81 |   1359 |   4 |  644.2 |
       Dungeon |   2442 |   2139 |    303 |     81 |   1359 |   3 |  814.0 |
         Sewer |    134 |    134 |      0 |      0 |      0 |   1 |  134.0 |
               +--------+--------+--------+--------+--------+-----+--------+

Top non-repeatable levels by time:
     D:1: 1227 daAuts
     D:2: 1170 daAuts
   Sewer: 134 daAuts
     D:3: 44 daAuts
